 Dungeon Crawl Stone Soup version 0.29.1-1-gd02db6906a (webtiles) character file.

Game seed: 15635444899785726398

881 Orsonium the Slasher (level 7, -5/44 HPs)
             Began as a Demonspawn Chaos Knight on Sept 20, 2022.
             Was a Plaything of Xom.
             Slain by a two-headed ogre
             ... wielding a +0 giant spiked club
              (7 damage)
             ... on level 6 of the Dungeon.
             The game lasted 00:15:03 (6047 turns).

Orsonium the Slasher (Demonspawn Chaos Knight)      Turns: 6047, Time: 00:15:05

Health: -5/44      AC: 12    Str: 13    XL:     7   Next: 75%
Magic:  7/7        EV: 14    Int:  9    God:    Xom [....*.]
Gold:   318        SH:  0    Dex: 12    Spells: 6/6 levels left

rFire   . . .      SeeInvis .   k - +7 Throatcutter {drain, coup de grace}
rCold   . . .      Faith    .   (no shield)
rNeg    . . .      Spirit   .   p - +0 ring mail
rPois   .          Reflect  .   y - +0 helmet
rElec   .          Harm     .   g - +0 cloak
rCorr   .          Rampage  .   m - +0 pair of gloves
Will    .....      Clarity  +   (no boots)
Stlth   +.........              (no amulet)
HPRegen 0.14/turn               z - +4 ring of evasion
MPRegen 0.10/turn               (no ring)

@: unable to drink
A: yellow scales 2, powered by death 1, clarity, dopey 2, frail 2, screaming 1,
weak 1, inability to drink after injury 1
a: Renounce Religion


You were on level 6 of the Dungeon.
You worshipped Xom.
You were a beloved toy of Xom.
You visited 1 branch of the dungeon, and saw 6 of its levels.

You collected 318 gold pieces.

Inventory:

Hand Weapons
 a - a +1 hand axe of chaos
 e - a +2 trident of distortion
 k - the +7 Throatcutter (weapon) {drain, coup de grace}
   (You took it off Terence on level 2 of the Dungeon)

   A truly terrible weapon, it drains the life of any living foe it strikes.
   It may instantly kill foes which have little health.
 l - a +2 quarterstaff of chaos
 u - the +1 war axe "Piyhosto" {pain, rElec Stlth+}
   (You found it on level 5 of the Dungeon)

   In the hands of one skilled in necromantic magic, it inflicts extra damage on
   living creatures.
   rElec:     It insulates you from electricity.
   Stlth:     It makes you more stealthy.
Armour
 b - a +2 leather armour
 g - a +0 cloak (worn)
 m - a +0 pair of gloves (worn)
 p - a +0 ring mail (worn)
 q - a +0 scale mail
 y - a +0 helmet (worn)
Jewellery
 s - a ring of fire
 t - a ring of ice
 z - a +4 ring of evasion (left hand)
Wands
 w - a wand of roots (6)
Scrolls
 h - 6 scrolls of identify
 i - a scroll of fog
 j - a scroll of summoning (quivered) {unknown}
 o - 2 scrolls of magic mapping
 x - a scroll of brand weapon {unknown}
 A - 3 scrolls of amnesia {unknown}
Potions
 d - 3 potions of curing
 f - 2 potions of lignification
 n - 3 potions of heal wounds {unknown}
 r - a potion of mutation {unknown}
 v - a potion of berserk rage {unknown}
Miscellaneous
 c - a piece from Xom's chessboard (15/15)


   Skills:
 + Level 4.9 Fighting
 * Level 5.3 Long Blades
 + Level 4.0 Axes
 + Level 3.2 Armour
 + Level 1.9 Dodging
 - Level 0.7 Stealth


You had 6 spell levels left.
You didn't know any spells.
Your spell library contained the following spells:

 Spells                   Type           Power      Damage    Failure   Level
 Magic Dart               Conj           0%         1d3       63%         1
 Summon Small Mammal      Summ           0%         N/A       63%         1
 Call Imp                 Summ           0%         N/A       77%         2
 Call Canine Familiar     Summ           0%         N/A       94%         3
 Mephitic Cloud           Conj/Pois/Air  0%         N/A       94%         3
 Ozocubu's Armour         Ice            0%         N/A       94%         3
 Summon Guardian Golem    Hex/Summ       0%         N/A       94%         3
 Metabolic Englaciation   Hex/Ice        0%         N/A       100%        5
 Simulacrum               Ice/Necr       0%         N/A       100%        6


Dungeon Overview and Level Annotations

Branches:
Dungeon (6/15)
 Temple: D:4-7

Altars:
Makhleb
Ru


Innate Abilities, Weirdness & Mutations

You are mostly covered in yellow scales. (AC +3)
You regenerate a little health from kills.
You possess an exceptional clarity of mind.
You are very dopey. (Int -4)
You are very frail. (-20% HP)
You occasionally shout uncontrollably at your foes.
You are weak. (Str -2)
You occasionally lose the ability to drink potions when taking damage.


Message History

The centaur unwields a +0 shortbow.
The centaur hits you but does no damage.
The centaur kicks you but does no damage.
You slash the centaur!
You behead the centaur!
You kill the centaur! "Serve the mortal, my child!"
You are now a beloved toy of Xom.
Things that are here:
a +0 shortbow; a centaur corpse An iguana comes into view.
The two-headed ogre barely misses your shadow imp. x2
Your shadow imp hits the two-headed ogre.
Your shadow imp barely misses the two-headed ogre.
You swap places.
The two-headed ogre hits you with a +0 giant spiked club!!
Ouch! That really hurt!
The two-headed ogre barely misses you.
You hit the two-headed ogre. You drain the two-headed ogre.
The two-headed ogre is lightly wounded.
The two-headed ogre misses you. The two-headed ogre closely misses you.
Your shadow imp hits the two-headed ogre.
You hit the two-headed ogre. You drain the two-headed ogre.
The two-headed ogre is moderately wounded.
An adder comes into view.
Your shadow imp hits the two-headed ogre.
The two-headed ogre closely misses you.
The two-headed ogre hits you with a +0 giant club!
You feel threatened and lose the ability to drink potions!
* * * LOW HITPOINT WARNING * * *
You barely miss the two-headed ogre.
The two-headed ogre is heavily wounded.
The iguana closely misses you.
Your shadow imp barely misses the two-headed ogre.
You hit the two-headed ogre.
The two-headed ogre is heavily wounded.
The iguana bites you.
* * * LOW HITPOINT WARNING * * *
The two-headed ogre hits you with a +0 giant spiked club!
You die...
Xom laughs nastily!

#. #.... ##.# #...
##.#.#.#.##..S#
#.........#...# #
##.#.#.#.##... .#
#...........####.##
###.#.#.#.#.O.......
##.>....)...5@.....#
#.##..#.#†#.#.##l#.##.#
#........†........)...#
#######.#.#.#.#../........
#.##..####.#....##.#
#######.##..# #.#.##....
......>.....# #.... .....
###########.# ###.## ##..
#.# .?# .


You could see a two-headed ogre (drained, ally target), an iguana, an adder and
a friendly shadow imp (summoned).

Vanquished Creatures
  A centaur (D:6)
  A kobold brigand (D:4)
  2 bullfrogs (D:6)
  Crazy Yiuf (D:2)
  An orc priest (D:3)
  A hound (D:5)
  Ijyb (D:5)
  5 iguanas
  5 orc wizards
  Natasha (D:2)
  Terence (D:2)
  7 adders
  A gnoll (D:4)
  A shadow imp (D:5)
  2 ufetubi (D:4)
  A worm (D:3)
  A dart slug (D:5)
  25 orcs
  6 endoplasms
  3 giant cockroaches (D:2)
  4 goblins
  4 hobgoblins (D:3)
  8 kobolds
  4 quokkas
  3 ball pythons
  6 bats
  A frilled lizard (D:2)
  3 rats
100 creatures vanquished.

Vanquished Creatures (others)
  A fungus (D:1)
1 creature vanquished.

Grand Total: 101 creatures vanquished

Notes
Turn   | Place    | Note
-------+----------+-------------------------------------------
     0 | D:1      | Orsonium the Demonspawn Chaos Knight began the quest for
                  | the Orb.
     0 | D:1      | Reached XP level 1. HP: 18/18 MP: 1/1
    28 | D:1      | XOM: silly message
    35 | D:1      | XOM: divination: detect creatures
   360 | D:1      | Gained mutation: You regenerate a little health from kills.
                  | [demonic ancestry]
   360 | D:1      | Reached XP level 2. HP: 2/24 MP: 2/2
  1155 | D:1      | XOM: silly message
  1589 | D:2      | Reached skill level 1 in Dodging
  1778 | D:2      | XOM: noise
  1780 | D:2      | Reached XP level 3. HP: 29/29 MP: 3/3
  1809 | D:2      | XOM: give mutations
  1809 | D:2      | Gained mutation: You occasionally shout uncontrollably at
                  | your foes. [Xom's mischief]
  1809 | D:2      | Gained mutation: You are robust. (+10% HP) [Xom's mischief]
  1939 | D:2      | XOM: 6-stop teleportation journey
  2057 | D:2      | Gained mutation: You are partially covered in yellow
                  | scales. (AC +2) [demonic ancestry]
  2057 | D:2      | Reached XP level 4. HP: 26/40 MP: 4/4
  2169 | D:2      | Noticed Terence
  2173 | D:2      | XOM: swap monsters
  2186 | D:2      | Killed Terence
  2223 | D:2      | Noticed Natasha
  2230 | D:2      | Killed Natasha
  2413 | D:2      | Found a runed translucent door.
  2414 | D:2      | Noticed Crazy Yiuf
  2418 | D:2      | Killed Crazy Yiuf
  2419 | D:2      | Gained mutation: You are mostly covered in yellow scales.
                  | (AC +3) [demonic ancestry]
  2419 | D:2      | Reached XP level 5. HP: 46/46 MP: 5/5
  2936 | D:3      | Reached skill level 1 in Long Blades
  3109 | D:3      | Reached skill level 2 in Long Blades
  3109 | D:3      | Reached XP level 6. HP: 42/53 MP: 6/6
  3392 | D:3      | XOM: enchant monster (bad)
  3397 | D:3      | XOM: give mutations
  3397 | D:3      | Lost mutation: You are robust. (+10% HP) [Xom's mischief]
  3397 | D:3      | Gained mutation: You occasionally lose the ability to drink
                  | potions when taking damage. [Xom's mischief]
  3397 | D:3      | Gained mutation: You possess an exceptional clarity of
                  | mind. [Xom's mischief]
  3947 | D:4      | HP: 1/49 [kobold brigand/+0 whip (3)]
  4462 | D:4      | Reached skill level 3 in Long Blades
  4494 | D:4      | XOM is BORED!
  4494 | D:4      | XOM: polymorph adder -> gnoll
  4551 | D:4      | XOM: draining
  4803 | D:5      | Entered Level 5 of the Dungeon
  4829 | D:5      | Noticed Ijyb
  4832 | D:5      | Killed Ijyb
  4883 | D:5      | Found a burning altar of Makhleb.
  4883 | D:5      | XOM: 1-stop teleportation journey
  4943 | D:5      | Identified the +1 war axe "Piyhosto" {pain, rElec Stlth+}
  4972 | D:5      | XOM: 2-stop teleportation journey
  5062 | D:5      | Reached XP level 7. HP: 43/55 MP: 7/7
  5177 | D:5      | Found a sacrificial altar of Ru.
  5675 | D:5      | Reached skill level 4 in Long Blades
  5699 | D:5      | XOM: give mutation
  5699 | D:5      | Gained mutation: You are weak. (Str -2) [Xom's mischief]
  5770 | D:6      | XOM: give mutations
  5770 | D:6      | Gained mutation: You are frail. (-10% HP) [Xom's mischief]
  5770 | D:6      | Gained mutation: You are dopey. (Int -2) [Xom's mischief]
  5770 | D:6      | Gained mutation: You are very frail. (-20% HP) [Xom's
                  | mischief]
  5770 | D:6      | Gained mutation: You are very dopey. (Int -4) [Xom's
                  | mischief]
  6023 | D:6      | Reached skill level 5 in Long Blades
  6036 | D:6      | Noticed a two-headed ogre
  6039 | D:6      | XOM: summons friendly shadow imp
  6047 | D:6      | HP: 2/44 [iguana (4)]
  6047 | D:6      | Slain by a two-headed ogre

Illustrated notes

Levels and vault maps discovered:
D:1:      lemuel_arrival_muddy, layout_rooms, moated_statue
D:2:      layout_loops_ring, minmay_distorted, uniq_natasha, uniq_terence,
          uniq_crazy_yiuf_cottage
D:3:      cheibrodos_pilgrimage, layout_loops_corners, chequers_garden,
          st_stairs_9
D:4:      layout_rooms, minmay_ruptured
D:5:      layout_loops_ring, mainiacjoe_overflow_large_starburst,
          serial_bayou_pond_a, grunt_ministairs_7, uniq_ijyb
D:6:      layout_loops_ring, st_stairs_9

Skill      XL: |  1  2  3  4  5  6  7 |
---------------+----------------------+-----
Axes           | 3 4 |  4.0
Dodging        | 1 |  1.9
Armour         | 2 3 |  3.2
Fighting       | 4 |  4.9
Long Blades    | 2 3 5 |  5.3
Stealth        | |  0.7

Action                   |  1- 3 |  4- 6 |  7- 9 || total
-------------------------+-------+-------+-------++-------
Melee: Hand axe          |    75 |    16 |       ||    91
       Punch             |     1 |       |       ||     1
       Long sword        |       |   121 |    41 ||   162
Evoke: Piece from Xom's  |       |     3 |       ||     3
  Use: Scroll            |     1 |     3 |       ||     4
       Potion            |       |     6 |       ||     6
 Stab: Paralysed         |       |     9 |       ||     9
Armor: Leather armour    |    31 |    19 |       ||    50
       Scale mail        |       |    60 |     6 ||    66
       Ring mail         |       |       |    14 ||    14
Dodge: Dodged            |    41 |    98 |    22 ||   161
